 Dungeon Crawl Stone Soup version 0.22-a0-271-gc000056 (webtiles) character file.

130 UristPineapples the Ruffian (level 4, -4/35 HPs)
             Began as a Draconian Transmuter on Mar 10, 2018.
             Killed by nerve-wracking pain
             ... invoked by Tovarisch's ghost
              (14 damage)
             ... on level 3 of the Dungeon.
             The game lasted 00:08:15 (1635 turns).

UristPineapples the Ruffian (Draconian Transmuter)  Turns: 1635, Time: 00:08:16

Health: -4/35      AC:  5    Str: 13    XL:     4   Next: 90%
Magic:  1/7        EV: 12    Int: 17    God:
Gold:   70         SH:  0    Dex: 12    Spells: 1/7 levels left

rFire    . . .     SeeInvis .     - Unarmed
rCold    . . .     Gourm    .   (no shield)
rNeg     . . .     Faith    .   (armour unavailable)
rPois    .         Spirit   .   (helmet restricted)
rElec    .         Reflect  .   (no cloak)
rCorr    .         Harm     .   (no gloves)
MR       .....     Rnd*Rage +   (no boots)
Stlth    +.........             (no amulet)
HPRegen  0.11/turn              (no ring)
MPRegen  0.10/turn              (no ring)

@: no status effects
A: unfitting armour, berserk 1, clever 2, no potion heal 1, cold-blooded, AC +5
a: no special abilities


You were on level 3 of the Dungeon.
You were not hungry.

You visited 1 branch of the dungeon, and saw 3 of its levels.

You collected 70 gold pieces.

Inventory:

Missiles
 a - 37 arrows
 h - 7 javelins (quivered)
Scrolls
 b - 4 scrolls of identify {unknown}
 e - a scroll of fear {unknown}
 f - a scroll of enchant armour {unknown}
Comestibles
 c - 5 rations


   Skills:
 - Level 1.1 Fighting
 - Level 1.9 Dodging
 + Level 4.5 Unarmed Combat
 - Level 2.2 Spellcasting
 + Level 3.6 Transmutations


You had one spell level left.
You knew the following spells:

 Your Spells              Type           Power        Failure   Level  Hunger
a - Beastly Appendage     Tmut           ##....       4%          1    #......
b - Sticks to Snakes      Tmut           ##......     6%          2    ###....
c - Spider Form           Tmut/Pois      #.........   26%         3    ###....


Dungeon Overview and Level Annotations

Branches:
Dungeon (3/15)

Altars:
Fedhas
Gozag
Zin

Annotations:
D:3 Tovarisch's ghost, amateur DsNe


Innate Abilities, Weirdness & Mutations

Your plain brown scales are hard. (AC +5)
You cannot fit into any form of body armour.
You are cold-blooded and may be slowed by cold attacks.
You tend to lose your temper in combat.
Your mind is very acute. (Int +4)
Potions are less effective at restoring your health.


Message History

Unknown command.
The bat misses you.
Casting: Sticks to Snakes (safe; 6% risk of failure)
Confirm with . or Enter, or press ? or * to list all spells.
You create a snake!
You now have 37 arrows.
The bat closely misses you.
Tovarisch's ghost hits you but does no damage.
You hit the bat.
You kill the bat!
Your ball python barely misses Tovarisch's ghost.
Tovarisch's ghost says, "What do you have that I didn't have?"
Your ball python misses Tovarisch's ghost.
Tovarisch's ghost completely misses you.
You see here a frilled lizard skeleton.
Casting: Sticks to Snakes (safe; 6% risk of failure)
Confirm with . or Enter, or press ? or * to list all spells.
You don't have enough magic to cast that spell.
Your ball python bites Tovarisch's ghost but does no damage.
Tovarisch's ghost points at you and mumbles some strange words.
Pain shoots through your body!
You die...

#############
#...........# ##
#...........###.#
.#
#...............#
.#
#...........###.#
.# #.........SW.@#
.# #.............#
.####.........#..#
.........####.#..#
..............#..#
..............##.#
..............####
.####...#.....+ .#
..........#


You could see Tovarisch's ghost and a friendly ball python.

Vanquished Creatures
  A phantom (D:2)
  A leopard gecko (D:2)
  4 bats
  4 giant cockroaches
  5 goblins
  4 hobgoblins
  7 kobolds
  A ball python (D:3)
  A frilled lizard (D:1)
  8 rats
36 creatures vanquished.

Vanquished Creatures (collateral kills)
  2 adders
  A frilled lizard (D:3)
3 creatures vanquished.

Grand Total: 39 creatures vanquished

Notes
Turn   | Place    | Note
-------+----------+-------------------------------------------
     0 | D:1      | UristPineapples the Draconian Transmuter began the quest for the Orb.
     0 | D:1      | Reached XP level 1. HP: 16/16 MP: 3/3
   154 | D:1      | Reached XP level 2. HP: 21/23 MP: 1/5
   293 | D:1      | Learned a level 2 spell: Sticks to Snakes
   696 | D:2      | Noticed a phantom
   750 | D:2      | Gained mutation: Your mind is acute. (Int +2) [potion of mutation]
   750 | D:2      | Gained mutation: Potions are less effective at restoring your health. [potion of mutation]
   750 | D:2      | Gained mutation: You tend to lose your temper in combat. [potion of mutation]
   750 | D:2      | Gained mutation: Your mind is very acute. (Int +4) [potion of mutation]
   752 | D:2      | Reached XP level 3. HP: 12/28 MP: 2/6
   773 | D:2      | Killed a phantom
   773 | D:2      | Reached skill level 4 in Unarmed Combat
   773 | D:2      | Reached XP level 4. HP: 14/35 MP: 2/7
  1118 | D:2      | Learned a level 3 spell: Spider Form
  1133 | D:2      | Found a blossoming altar of Fedhas.
  1150 | D:2      | Found a glowing silver altar of Zin.
  1150 | D:2      | Found an opulent altar of Gozag.
  1576 | D:3      | Noticed Tovarisch's ghost (amateur DsNe)
  1635 | D:3      | Killed from afar by Tovarisch's ghost

Vault maps used:
D:1:      scummos_arrival_simple_fountains
D:2:      grunt_temple_overflow_gold_and_silver, nicolae_overflow_crystal_walls
D:3:      overflow_temple_1_default, old_standard_altar,
          cheibrodos_sewer_entry_sluice, tgw_kikubaaqudgha

Skill      XL: |  1  2  3 |
---------------+----------+-----
Unarmed Combat | 4 |  4.5
Transmutations | 3 |  3.6
Fighting       | |  1.1
Dodging        | |  1.9
Spellcasting   | |  2.2

Action                   |  1- 3 |  4- 6 || total
-------------------------+-------+-------++-------
Melee: Unarmed           |    82 |    50 ||   132
       Tailslap          |     5 |     5 ||    10
       Kick              |     4 |     3 ||     7
       Punch             |     1 |     1 ||     2
Throw: Javelin           |    11 |     7 ||    18
 Cast: Beastly Appendage |     9 |     2 ||    11
       Sticks to Snakes  |     4 |     8 ||    12
  Use: Potion            |     4 |     1 ||     5
 Stab: Sleeping          |     1 |       ||     1
  Eat: Chunk             |       |     3 ||     3
Armor: Skin              |    20 |    23 ||    43
Dodge: Dodged            |    52 |    35 ||    87

Table legend:
 A = Spawn XP
 B = Non-spawn XP
 C = Spawn XP percentage of total XP
 D = Spawn monster count
 E = Non-spawn monster count
 F = Spawn count percentage of total count
 G = Total turns spent on level
                    A         B        C        D         E        F      G
               +---------+---------+-------+---------+---------+-------+---------
         Total |       0 |     187 |   0.0 |       0 |      39 |   0.0 |  1635
               +---------+---------+-------+---------+---------+-------+---------
           D:1 |       0 |      29 |   0.0 |       0 |      18 |   0.0 |   549
           D:2 |       0 |     144 |   0.0 |       0 |      16 |   0.0 |   948
           D:3 |       0 |      14 |   0.0 |       0 |       5 |   0.0 |   138
               +---------+---------+-------+---------+---------+-------+---------
